 Dungeon Crawl Stone Soup version 0.22-b1-21-g5cfc168 (webtiles) character file.

79 letownia2 the Insei (level 4, 0/32 HPs)
             Began as a Demonspawn Transmuter on Aug 5, 2018.
             Succumbed to an adder's poison
             ... on level 2 of the Dungeon.
             The game lasted 00:04:37 (840 turns).

letownia2 the Insei (Demonspawn Transmuter)          Turns: 840, Time: 00:04:37

Health: 0/32       AC:  3    Str: 11    XL:     4   Next: 17%
Magic:  3/7        EV: 12    Int: 15    God:
Gold:   99         SH:  0    Dex: 13    Spells: 1/7 levels left

rFire    . . .     SeeInvis .     - Unarmed
rCold    . . .     Gourm    .   (no shield)
rNeg     . . .     Faith    .   c - +0 leather armour
rPois    .         Spirit   .   (no helmet)
rElec    .         Reflect  .   (no cloak)
rCorr    .         Harm     .   (no gloves)
MR       .....                  (no boots)
Stlth    +.........             (no amulet)
HPRegen  0.10/turn              (no ring)
MPRegen  0.10/turn              (no ring)

@: lethally poisoned (0 -> -8)
A: foul stench 1, rot immunity
a: no special abilities


You were on level 2 of the Dungeon.
You were hungry.

You visited 1 branch of the dungeon, and saw 3 of its levels.

You collected 99 gold pieces.

Inventory:

Missiles
 a - 50 arrows
Armour
 b - a +0 robe
 c - a +0 leather armour (worn)
Scrolls
 g - a scroll of random uselessness {unknown}
 j - a scroll of identify {unknown}
Potions
 e - a potion of brilliance {unknown}
 f - a potion of magic {unknown}
 h - a potion of lignification {unknown}
 i - a potion of resistance {unknown}
Comestibles
 d - 2 rations


   Skills:
 - Level 1.0 Fighting
 - Level 1.7 Dodging
 - Level 4.0 Unarmed Combat
 - Level 2.0 Spellcasting
 + Level 2.3 Transmutations
 + Level 1.4 Poison Magic


You had one spell level left.
You knew the following spells:

 Your Spells              Type           Power        Failure   Level  Hunger
a - Beastly Appendage     Tmut           #.....       11%         1    #......
l - Sticks to Snakes      Tmut           #.......     17%         2    ###....
p - Spider Form           Tmut/Pois      #.........   38%         3    ###....

Your spell library contained the following spells:

 Spells                   Type           Power        Failure   Level  Hunger
 Blade Hands              Tmut           #.........   97%         5    ######.
 Ice Form                 Ice/Tmut       #.......     87%         4    #####..


Dungeon Overview and Level Annotations

Branches:
Dungeon (3/15)

Altars:

Annotations:
D:2 Jessica


Innate Abilities, Weirdness & Mutations

You may emit foul miasma when damaged in melee.
You are immune to rotting.


Message History

You feel sick.
Your ball python bites the kobold but does no damage.
Your ball python grabs the kobold.
Your ball python constricts the kobold.
Unknown command.
* * * LOW HITPOINT WARNING * * *
You feel sick.
The kobold struggles to escape constriction.
Your ball python bites the kobold.
Your ball python constricts the kobold.
The kobold dies!
* * * LOW HITPOINT WARNING * * *
You feel sick.
Okay, then.
There is a lethal amount of poison in your body!
Unknown command.
Your horns disappear.
* * * LOW HITPOINT WARNING * * *
You feel sick.
* * * LOW HITPOINT WARNING * * *
You feel sick.
You die...

#.......#.#######.# #####
#####.....# ###.# ....
#....#.### #...# #..
#....#...# #...# ####..
#........# #...# #.....
#.......># ###.# #..#..
#........#######.# #.....
########SS.......###.###.
#@#######.....# #. ####.#
#.###.# ## ###....# #.#
#... #.....## ... ....#
#.....# #.... ###.#
#.....# #..... ..
#.....#### #....## ###
#........# #......
#.....##.# .....# ##


You could see 2 friendly ball pythons.

Vanquished Creatures
  A gnoll (D:1)
  4 adders (D:2)
  2 dart slugs
  2 leopard geckos
  A giant cockroach (D:1)
  4 goblins
  A hobgoblin (D:1)
  4 bats
  3 frilled lizards
  2 kobolds
  5 rats
29 creatures vanquished.

Vanquished Creatures (collateral kills)
  An adder (D:2)
  A kobold (D:2)
2 creatures vanquished.

Grand Total: 31 creatures vanquished

Notes
Turn   | Place    | Note
-------+----------+-------------------------------------------
     0 | D:1      | letownia2 the Demonspawn Transmuter began the quest for the Orb.
     0 | D:1      | Reached XP level 1. HP: 15/15 MP: 3/3
    20 | D:1      | Reached skill level 3 in Unarmed Combat
    78 | D:1      | Gained mutation: You are immune to rotting. [demonic ancestry]
    78 | D:1      | Reached XP level 2. HP: 19/21 MP: 3/5
    98 | D:1      | Learned a level 2 spell: Sticks to Snakes
   296 | D:3      | Gained mutation: You may emit foul miasma when damaged in melee. [demonic ancestry]
   296 | D:3      | Reached XP level 3. HP: 24/26 MP: 4/6
   301 | D:3      | Learned a level 3 spell: Spider Form
   329 | D:2      | Reached skill level 4 in Unarmed Combat
   557 | D:2      | Noticed Jessica
   637 | D:2      | Reached skill level 1 in Poison Magic
   728 | D:2      | Reached XP level 4. HP: 25/32 MP: 4/7
   839 | D:2      | HP: 1/32 [poisoned by an adder]
   840 | D:2      | Succumbed to an adder's poison

Skill      XL: |  1  2  3 |
---------------+----------+-----
Unarmed Combat | 3 4 |  4.0
Transmutations | 2 |  2.3
Poison Magic   | 1 |  1.4
Fighting       | |  1.0
Dodging        | |  1.7
Spellcasting   | |  2.0

Action                   |  1- 3 |  4- 6 || total
-------------------------+-------+-------++-------
Melee: Unarmed           |    79 |    27 ||   106
       Headbutt          |     7 |     1 ||     8
       Kick              |    11 |       ||    11
       Punch             |     1 |       ||     1
 Cast: Beastly Appendage |    16 |     1 ||    17
       Sticks to Snakes  |     1 |     2 ||     3
Armor: Robe              |     4 |       ||     4
       Leather armour    |    12 |     7 ||    19
Dodge: Dodged            |    56 |    34 ||    90
